 Dungeon Crawl Stone Soup version 0.29.1-15-g9cfb28693d (webtiles) character file.

Game seed: 8211720199971615745

4 Taita the Firebug (level 1, -3/7 HPs)
             Began as a Felid Fire Elementalist on Apr 22, 2023.
             Frozen to death by an endoplasm (5 damage)
             ... on level 1 of the Dungeon.
             The game lasted 00:00:41 (149 turns).

Taita the Firebug (Felid Fire Elementalist)          Turns: 149, Time: 00:00:44

Health: -3/7       AC:  1    Str:  4    XL:     1   Next: 50%
Magic:  2/4        EV: 17    Int: 16    God:
Gold:   18         SH:  0    Dex: 16    Spells: 3/4 levels left
                                        Lives:  0   Deaths: 0

rFire   . . .      SeeInvis +   (weapon unavailable)
rCold   . . .      Faith    .   (shield unavailable)
rNeg    . . .      Spirit   .   (body armour unavailable)
rPois   .          Reflect  .   (helmet unavailable)
rElec   .          Harm     .   (cloak unavailable)
rCorr   .          Rampage  .   (gloves unavailable)
Will    .....                   (boots unavailable)
Stlth   ++........              (no amulet)
HPRegen 0.02/turn               (no ring)
MPRegen 0.09/turn               (no ring)

@: quick
A: very small, claws 1, fangs 3, see invisible, speed 1, shaggy fur 1, stealthy
paws, no weapons or thrown items, no armour, multi-lived
a: no special abilities


You were on level 1 of the Dungeon.
You visited 1 branch of the dungeon, and saw 1 of its levels.

You collected 18 gold pieces.

Inventory:

Potions
 a - a potion of magic
 b - a potion of attraction {unknown}


   Skills:
 * Level 2.7 Dodging
 * Level 2.7 Stealth
 * Level 0.3 Unarmed Combat
 * Level 2.0 Spellcasting
 * Level 0.8 Conjurations
 * Level 2.8 Fire Magic


You had 3 spell levels left.
You knew the following spells:

 Your Spells              Type           Power      Damage    Failure   Level
a - Foxfire               Conj/Fire      28%        2x1d5     10%         1

Your spell library contained the following spells:

 Spells                   Type           Power      Damage    Failure   Level
 Scorch                   Fire           20%        2d6       10%         2
 Necrotise                Necr           4%         1d4       21%         1
 Conjure Flame            Conj/Fire      7%         6-21      28%         3
 Inner Flame              Hex/Fire       6%         N/A       34%         3
 Vampiric Draining        Necr           1%         2d6       52%         3
 Flame Wave               Conj/Fire      7%         2d5       67%         4
 Agony                    Necr           1%         N/A       99%         5


Dungeon Overview and Level Annotations

Branches:
Dungeon (1/15)

Altars:


Innate Abilities, Weirdness & Mutations

You have sharp claws.
You have razor-sharp teeth.
You have supernaturally acute eyesight. (SInv)
You cover ground quickly. (Speed+)
You are covered in fur. (AC +1)
Your paws help you pounce on unaware monsters.
You are incapable of wielding weapons or throwing items.
You cannot wear armour.
You gain extra lives every three experience levels.


Message History

The bat barely misses you. x2
There is an open door here.
A bat comes into view.
The foxfire hits the bat.
You kill the bat!
There is a stone staircase leading down here.
The helpless bat fails to defend itself.
You scratch the bat.
You kill the bat!
You now have 18 gold pieces (gained 3).
b - a clear potion HP restored.
Found a club.
An endoplasm comes into view.
A goblin comes into view. It is wielding a +0 club.
The goblin shouts!
The goblin moves out of view.
The goblin hits you with a +0 club.
Casting: Foxfire (safe; 10% risk of failure)
Press: ? - help, Q - select action Dir - look around, f - activate You conjure some foxfire!
The endoplasm quivers.
The goblin misses you.
The foxfire hits the endoplasm.
The endoplasm is lightly wounded.
The foxfire hits the endoplasm.
The endoplasm is heavily wounded.
Casting: Foxfire (safe; 10% risk of failure)
Press: ? - help, Q - select action Dir - look around, f - activate You conjure some foxfire!
The endoplasm hits you.
* * * LOW HITPOINT WARNING * * *
The foxfire hits the goblin.
The goblin is moderately wounded.
The foxfire hits the endoplasm.
The endoplasm is heavily wounded.
The endoplasm freezes you.
You are frozen.
Ouch! That really hurt!
You die...

.....#.#
#.......#
#.####.#
#.......#
#....#.#
#.......#
####)#.#
#.......# #...#
#g......# ###.#
###...# ##'##
####...###
#.†.####...J####
#....>......@.)#
#...##########.#
#(..# #.# #...#
#.# #...# #.#
#...##########.#
#..............#
################


You could see an endoplasm.

Vanquished Creatures
  A goblin (D:1)
  3 bats (D:1)
4 creatures vanquished.

Vanquished Creatures (others)
  8 foxfires (D:1)
8 creatures vanquished.

Grand Total: 12 creatures vanquished

Notes
Turn   | Place    | Note
-------+----------+-------------------------------------------
     0 | D:1      | Taita the Felid Fire Elementalist began the quest for the
                  | Orb.
     0 | D:1      | Reached XP level 1. HP: 7/7 MP: 4/4
   149 | D:1      | Frozen to death by an endoplasm

Illustrated notes

Levels and vault maps discovered:
D:1:      ncdulo_watergridlock, layout_basic

Action                   || total
-------------------------++-------
Melee: Unarmed           ||     3
 Cast: Foxfire           ||     5
 Stab: Sleeping          ||     1
Armor: Skin              ||     2
Dodge: Dodged            ||     6
